 Dungeon Crawl Stone Soup version 0.31-a0-1009-g454b1f1e0a (webtiles) character file.

Game seed: 8922290527422625395

704 Malachi the Trooper (level 7, 0/58 HPs)
             Began as a Demonspawn Gladiator on Nov 14, 2023.
             Killed by nerve-wracking pain
             ... invoked by an orc priest
              (11 damage)
             ... on level 5 of the Dungeon.
             The game lasted 00:04:12 (2434 turns).

Malachi the Trooper (Demonspawn Gladiator)          Turns: 2434, Time: 00:04:13

Health: 0/58       AC: 12    Str: 17    XL:     7   Next: 39%
Magic:  7/7        EV: 12    Int:  9    God:
Gold:   171        SH:  0    Dex: 14    Spells: 6/6 levels left

rFire   . . .        a - +0 war axe
rCold   + . .        (no shield)
rNeg    . . .        b - +0 leather armour
rPois   .            c - +0 helmet
rElec   .            r - +2 cloak
rCorr   .            j - +0 pair of gloves
SInv    .            (no boots)
Will    .....        s - amulet of regeneration
Stlth   +            q - +4 ring of protection
HPRegen 1.09/turn    u - ring of protection from cold
MPRegen 0.10/turn

%: no passive effects
@: no status effects
A: hooves 2, sturdy frame 2
a: no special abilities


You were on level 5 of the Dungeon.
You visited 1 branch of the dungeon, and saw 5 of its levels.

You collected 171 gold pieces.

Inventory:

Hand Weapons
 a - a +0 war axe (weapon)
 w - the +8 dagger of Focus {pain, Fragile rPois rF+ rN+}
   (You found it on level 4 of the Dungeon)

   rF+:       It protects you from fire.
   rPois:     It protects you from poison rN+: It protects you from negative
   energy.
   Fragile:   It will be destroyed if unequipped.
Missiles
 d - 3 throwing nets (quivered)
 e - a javelin
 i - 2 silver javelins
Armour
 b - a +0 leather armour (worn)
 c - a +0 helmet (worn)
 j - a +0 pair of gloves (worn)
 r - a +2 cloak (worn)
Jewellery
 q - a +4 ring of protection (left hand)
 s - an amulet of regeneration (around neck)
 t - an amulet of magic regeneration
 u - a ring of protection from cold (right hand)
Wands
 x - a wand of paralysis (13)
Scrolls
 f - a scroll of teleportation
 h - 2 scrolls of amnesia
 k - 2 scrolls of identify
 l - a scroll of brand weapon
 p - a scroll of fog
Potions
 g - a potion of heal wounds {unknown}
 m - a potion of curing
 n - a potion of haste {unknown}
 o - a potion of brilliance {unknown}


   Skills:
 + Level 6.0 Fighting
 + Level 5.9 Axes
 - Level 1.8 Throwing
 - Level 2.7 Dodging


You had 6 spell levels left.
You didn't know any spells.
Your spell library contained the following spells:

 Spells                   Type           Power      Damage    Failure   Level
 Necrotise                Necr           0%         1d4       38%         1
 Vampiric Draining        Necr           0%         2d6       77%         3
 Agony                    Necr           0%         N/A       100%        5


Dungeon Overview and Level Annotations

Branches:
Dungeon (5/15)
 Temple: D:4-7

Altars:
Hepliaklqana
Makhleb
Sif Muna
Uskayaw

Shops:
D:1 (*


Innate Abilities, Weirdness & Mutations

You have hoof-like feet.
Your movements are less encumbered by armour. (ER -4)


Message History

* * * LOW HITPOINT WARNING * * *
You slash the orc priest!
You kill the orc priest!
You closely miss the iguana. You hit the orc. The iguana bites you.
* * * LOW HITPOINT WARNING * * *
The orc hits you but does no damage.
Your Fighting skill increases to level 6!
Unknown command.
It was a potion of curing.
You feel better. The iguana barely misses you.
The orc hits you with a +0 flail.
* * * LOW HITPOINT WARNING * * *
You hit the iguana. You kick the iguana.
The iguana is heavily wounded.
You closely miss the orc.
The iguana bites you but does no damage.
The orc hits you with a +0 flail.
* * * LOW HITPOINT WARNING * * *
You barely miss the orc priest. You slash the orc!
You kill the orc!
You slash the iguana!
You kill the iguana!
The orc priest hits you with a +0 hand axe.
* * * LOW HITPOINT WARNING * * *
The orc priest hits you with a +0 hand axe.
* * * LOW HITPOINT WARNING * * *
You slash the orc priest! Your kick misses the orc priest.
The orc priest is severely wounded.
The orc priest closely misses you.
Unknown command.
You hit the orc priest.
You kick the orc priest, but do no damage.
The orc priest is almost dead.
The orc priest hits you but does no damage.
Unknown command.
You completely miss the orc priest.
You kick the orc priest, but do no damage.
The orc priest is almost dead.
The orc priest invokes the aid of Beogh against you.
Pain shoots through your body!
You die...

..# #...##..# #. #..#
#.>.....# #...##.......##
.. #.###.............#
..##................##
.....#.............##
.....................#
##..^...))...........# .
#.......)@...........#
...##$.....o†..........##
........<...............#
.##........##..........#
##.......###......!.#
#.......# #...#....
#...##....# ...##.. .....
##........# ..#... .##...


You could see an orc priest.

Vanquished Creatures
  A water moccasin (D:5)
  An ogre (D:5)
  A phantom (D:5)
  A howler monkey (D:5)
  A hound (D:5)
  2 orc priests (D:5)
  2 iguanas
  Natasha (twice) (D:4)
  A scorpion zombie (D:4)
  A hound skeleton (D:4)
  A howler monkey zombie (D:4)
  3 gnolls (D:4)
  4 adders
  2 ufetubi (D:5)
  A spectral adder (D:4)
  An adder zombie (D:4)
  A worm (D:5)
  4 dart slugs
  2 orcs (D:5)
  7 endoplasms
  A giant cockroach (D:1)
  5 goblins
  5 hobgoblins
  9 jackals
  6 quokkas
  8 ball pythons
  5 bats
  A frilled lizard (D:2)
  4 kobolds
  A quokka skeleton (D:4)
  3 rats
87 creatures vanquished.

Notes
Turn   | Place    | Note
-------+----------+-------------------------------------------
     0 | D:1      | Malachi the Demonspawn Gladiator began the quest for the
                  | Orb.
     0 | D:1      | Reached XP level 1. HP: 16/16 MP: 1/1
   154 | D:1      | Gained mutation: You have large cloven feet. [demonic
                  | ancestry]
   154 | D:1      | Reached XP level 2. HP: 21/23 MP: 2/2
   262 | D:1      | Found Pis Utofaleo's Weapon Shop.
   363 | D:1      | Found Inuacvo's Assorted Antiques.
   661 | D:2      | Reached XP level 3. HP: 28/28 MP: 3/3
   725 | D:2      | Reached skill level 3 in Fighting
  1001 | D:2      | Found a faded altar of an unknown god.
  1075 | D:2      | Prayed at the altar of an unknown god.
  1075 | D:2      | Became a worshipper of Sif Muna the Loreminder
  1075 | D:2      | Reached * piety under Sif Muna
  1189 | D:3      | Gained mutation: Your movements are slightly less
                  | encumbered by armour. (ER -2) [demonic ancestry]
  1189 | D:3      | Reached XP level 4. HP: 35/35 MP: 4/4
  1488 | D:3      | Found a hide-covered altar of Uskayaw.
  1562 | D:3      | Fell from the grace of Sif Muna
  1815 | D:4      | Gained mutation: You have hoof-like feet. [demonic
                  | ancestry]
  1815 | D:4      | Reached XP level 5. HP: 41/42 MP: 5/5
  1851 | D:4      | Reached skill level 4 in Fighting
  1996 | D:4      | Noticed Natasha
  2007 | D:4      | Killed Natasha
  2022 | D:4      | Identified the +8 dagger of Focus {pain, Fragile rPois rF+
                  | rN+}
  2215 | D:4      | Noticed Natasha
  2226 | D:4      | Killed Natasha
  2272 | D:5      | Entered Level 5 of the Dungeon
  2276 | D:5      | Noticed a water moccasin
  2283 | D:5      | Killed a water moccasin
  2284 | D:5      | Reached skill level 5 in Fighting
  2284 | D:5      | Reached skill level 5 in Axes
  2284 | D:5      | Gained mutation: Your movements are less encumbered by
                  | armour. (ER -4) [demonic ancestry]
  2284 | D:5      | Reached XP level 6. HP: 45/51 MP: 6/6
  2310 | D:5      | Found a hazy altar of Hepliaklqana.
  2349 | D:5      | Found a burning altar of Makhleb.
  2378 | D:5      | Reached XP level 7. HP: 39/57 MP: 7/7
  2429 | D:5      | Reached skill level 6 in Fighting
  2434 | D:5      | Killed from afar by an orc priest

Illustrated notes

Levels and vault maps discovered:
D:1:      mainiacjoe_arrival_oval_in_oval, layout_rooms, serial_shops,
          nicolae_shop_statue_plus, nicolae_lakefront_shop
D:2:      cheibrodos_helix_gallery, layout_loops_cross,
          shapermc_ecumenical_altar_acropolis, nrook_campfire
D:3:      layout_loops_ring, nicolae_uskayaw_suspiria, minmay_unequal
D:4:      layout_rooms, dilly_guarded_unrand_morg
D:5:      layout_cave_pools, mainiacjoe_overflow_six_doors_small,
          mainiacjoe_overflow_concentric_impassable, minmay_misc_feat_rugged

Skill      XL: |  1  2  3  4  5  6  7 |
---------------+----------------------+-----
Axes           | 3 4 5 |  5.9
Fighting       | 3 5 6 |  6.0
Throwing       | |  1.8
Dodging        | |  2.7

Action                     |  1- 3 |  4- 6 |  7- 9 || total
---------------------------+-------+-------+-------++-------
  Melee: War axe           |    91 |   114 |    20 ||   225
         Punch             |     1 |       |       ||     1
         Kick              |    11 |    34 |     8 ||    53
 Invoke: Renounce Religion |       |     1 |       ||     1
    Use: Scroll            |       |     6 |       ||     6
         Potion            |       |       |     1 ||     1
   Stab: Sleeping          |     2 |       |       ||     2
 Armour: Leather armour    |    60 |   105 |    20 ||   185
  Dodge: Dodged            |    68 |    86 |    17 ||   171

Table legend: (Time is in decaauts)
 A = Elapsed time spent in this place.
 B = Non-inter-level travel time spent in this place.
 C = Inter-level travel time spent in this place.
 D = Time resting spent in this place.
 E = Time spent auto-exploring this place.
 F = Levels seen in this place.
 G = Mean time per level.
                   A        B        C        D        E       F      G
               +--------+--------+--------+--------+--------+-----+--------+
         Total |   2502 |   2367 |    135 |     41 |   1716 |   5 |  500.4 |
       Dungeon |   2502 |   2367 |    135 |     41 |   1716 |   5 |  500.4 |
               +--------+--------+--------+--------+--------+-----+--------+

Top non-repeatable levels by time:
     D:3: 713 daAuts
     D:2: 590 daAuts
     D:1: 545 daAuts
     D:4: 479 daAuts
     D:5: 175 daAuts
